 Dungeon Crawl Stone Soup version 0.31.0-11-ge490571c62 (webtiles) character file.

Game seed: 5101156257402202828

61 Arcadio the Sneak (level 3, -4/36 HPs)
             Began as a Troll Delver on Jan 27, 2024.
             Splashed by a jelly's acid (11 damage)
             ... on level 4 of the Dungeon.
             The game lasted 00:00:27 (246 turns).

Arcadio the Sneak (Troll Delver)                     Turns: 246, Time: 00:00:29

Health: -4/36      AC: -4    Str: 22    XL:     3   Next: 83%
Magic:  2/2        EV: 10    Int:  6    God:
Gold:   25         SH:  0    Dex: 11    Spells: 2/2 levels left

rFire   . .          .
                       - Unarmed
rCold   . . .        (no shield)
rNeg    . . .        a - +0 robe
rPois   .            (helmet restricted)
rElec   .            (no cloak)
rCorr   .            (gloves unavailable)
SInv    .            (boots unavailable)
Will    .....        (no amulet)
Stlth   ++           (no ring)
HPRegen 1.06/turn    (no ring)
MPRegen 0.08/turn

%: no passive effects
@: corroded
A: large, unfitting armour, claws 3, regeneration 1, shaggy fur 1, tough skin 1
a: no special abilities


You were on level 4 of the Dungeon.
You visited 1 branch of the dungeon, and saw 3 of its levels.

You collected 25 gold pieces.

Inventory:

Armour
 a - a +0 robe (worn)
Wands
 f - a wand of digging (3)
Scrolls
 b - a scroll of fog
 c - a scroll of revelation
 d - a scroll of fear
Potions
 e - a potion of haste


   Skills:
 + Level 2.9 Fighting
 + Level 2.1 Dodging
 + Level 3.0 Stealth
 + Level 2.6 Unarmed Combat


You had 2 spell levels left.
You didn't know any spells.
Your spell library was empty.

Dungeon Overview and Level Annotations

Branches:
Dungeon (6/15)
 Temple: D:4-7

Altars:


Innate Abilities, Weirdness & Mutations

You are too large for most types of armour.
You have claws for hands.
Your natural rate of healing is unusually fast.
You are covered in fur. (AC +1)
You have tough skin. (AC +1)


Message History

You climb downwards.
There is a stone staircase leading up, spattered with blood here.
Items here: )) [ ††.
There is a stone staircase leading down, spattered with blood here.
Things that are here:
a +0 short sword; an orc corpse You climb downwards.
There is a stone staircase leading up here.
There is a stone staircase leading up here.
You climb upwards.
There is a stone staircase leading down, spattered with blood here.
Things that are here:
a +0 short sword; an orc corpse
There is a stone staircase leading up, spattered with blood here.
Items here: )) [ ††.
You climb upwards.
There is a stone staircase leading down here.
There is a stone staircase leading up here.
A jelly comes into view.
The jelly quivers.
The jelly closely misses you.
You scratch the jelly but do no damage.
Your claws burn!
The jelly closely misses you.
You scratch the jelly.
Your claws burn!
The jelly is lightly wounded.
The jelly barely misses you.
You claw the jelly! The acid corrodes you!
Your claws burn!
The jelly is severely wounded.
The jelly hits you.
You are splashed with acid.
You barely miss the jelly.
The jelly is severely wounded.
The jelly hits you. The acid corrodes you!
You are splashed with acid!
You scratch the jelly but do no damage.
Your claws burn!
* * * LOW HITPOINT WARNING * * *
You claw the jelly, but do no damage.
The jelly is severely wounded.
The jelly hits you.
* * * LOW HITPOINT WARNING * * *
You are splashed with acid!
You die...

#........#
..##.....# # .
####<##### .#
#.....# #.#
#####.# ##..#
#.##....# #....#
#
#.###..###.#.###
#.......@J......
##..($.##..#####
.....#### ..#
...... ....
...... ...##
..... ..## .....
... ..#


You could see a jelly.

Vanquished Creatures
  A jelly (D:5)
  An orc wizard (D:5)
  3 orcs (D:5)
5 creatures vanquished.

Notes
Turn   | Place    | Note
-------+----------+-------------------------------------------
     0 | D:5      | Arcadio the Troll Delver began the quest for the Orb.
     0 | D:5      | Reached XP level 1. HP: 22/22 MP: 0/0
    19 | D:5      | Noticed a jelly
    24 | D:5      | Killed a jelly
    25 | D:5      | Reached XP level 2. HP: 14/29 MP: 1/1
    25 | D:5      | Reached XP level 3. HP: 17/36 MP: 2/2
    84 | D:5      | Reached skill level 3 in Stealth
   216 | D:6      | Noticed a black bear
   246 | D:4      | Splashed by a jelly's acid

Illustrated notes

Levels and vault maps discovered:
D:4:      layout_rooms, ebering_ghost_rock_garden, minmay_fire_ice_demons
D:5:      layout_loops_cross, minitemple, minmay_misc_feat_iff
D:6:      layout_layer_cave, grunt_decor_fettered, minmay_manual_mullet

Skill      XL: |  1  2  3 |
---------------+----------+-----
Dodging        | 2 |  2.1
Stealth        | 3 |  3.0
Fighting       | |  2.9
Unarmed Combat | |  2.6

Action                     || total
---------------------------++-------
  Melee: Unarmed           ||    23
         Punch             ||     1
 Armour: Robe              ||    14
  Dodge: Dodged            ||    10
